 Dungeon Crawl Stone Soup version 0.26.1-11-gd32895ea62 (webtiles) character file.

Game seed: 15675761837000447260

1113 ubername the Cleaver (level 8, -13/103 HPs)
             Began as a Hill Orc Monk on May 23, 2021.
             Was a Believer of Beogh.
             Mangled by an orc wizard
             ... wielding a +0 dagger of electrocution
              (14 damage)
             ... on level 6 of the Dungeon.
             The game lasted 00:11:57 (6553 turns).

ubername the Cleaver (Hill Orc Monk)                Turns: 6553, Time: 00:11:58

Health: -13/103    AC: 24    Str: 15    XL:     8   Next: 33%
Magic:  9/9        EV:  2    Int: 10    God:    Beogh [**....]
Gold:   196        SH:  0    Dex: 14    Spells: 7/7 levels left

rFire    . . .     SeeInvis .   a - +1 hand axe
rCold    . . .     Faith    .   (no shield)
rNeg     + + +     Spirit   .   (armour currently unavailable)
rPois    +         Reflect  .   (helmet currently unavailable)
rElec    .         Harm     .   (cloak currently unavailable)
rCorr    .         Rampage  .   (gloves currently unavailable)
Will     .....     NoTele   +   (boots currently unavailable)
Stlth    +.........             (no amulet)
HPRegen  0.27/turn              (no ring)
MPRegen  0.11/turn              (no ring)

@: confused, tree-form
A: no striking features
a: Renounce Religion, Smiting


You were on level 6 of the Dungeon.
You worshipped Beogh.
Beogh was pleased with you.
You were a tree.
You visited 1 branch of the dungeon, and saw 6 of its levels.

You collected 196 gold pieces.

Inventory:

Hand Weapons
 a - a +1 hand axe (weapon)
 w - a +0 morningstar
 A - a +0 war axe
Missiles
 g - 2 atropa-tipped darts
 j - 56 sling bullets
 C - 14 poisoned darts (quivered)
Armour
 h - a +0 cloak (melded)
 i - a +0 ring mail
 z - a +0 pair of gloves (melded)
 D - a +0 chain mail of cold resistance (melded)
Wands
 k - a wand of random effects (19)
Scrolls
 e - 4 scrolls of remove curse
 l - 3 scrolls of identify {unknown}
 o - a scroll of blinking {unknown}
 u - 3 scrolls of teleportation {unknown}
 x - 2 scrolls of amnesia {unknown}
 y - a scroll of fog {unknown}
 B - a scroll of random uselessness {unknown}
Potions
 b - a potion of lignification
 c - a potion of might {unknown}
 d - a potion of berserk rage {unknown}
 f - 3 potions of haste {unknown}
 m - a potion of invisibility {unknown}
 n - a potion of heal wounds {unknown}
 p - 2 potions of brilliance {unknown}
 q - a potion of mutation {unknown}
 r - a potion of flight {unknown}
 s - 4 potions of curing {unknown}
 t - a potion of ambrosia {unknown}
 v - 2 potions of attraction {unknown}


   Skills:
 + Level 5.5 Fighting
 + Level 9.1 Axes
 + Level 4.6 Armour
 + Level 3.9 Dodging
 + Level 2.3 Stealth
 + Level 1.8 Invocations


You had 7 spell levels left.
You didn't know any spells.
Your spell library was empty.

Dungeon Overview and Level Annotations

Branches:
Dungeon (6/15)
 Temple: D:4-7

Altars:
Ashenzari
Gozag
Okawaru
Ru
Vehumet
Zin

Annotations:
D:5 3 runed translucent doors, KrombopulosMichael's ghost, weakling SpDe; Zeld's ghost, amateur OpMo; Zeld's ghost, novice OpWr


Message History

* * * LOW HITPOINT WARNING * * *
You bump into the rock wall.
You hear some strange, mumbled words.
A magic dart appears from out of thin air!
The magic dart hits you.
* * * LOW HITPOINT WARNING * * *
Unknown command.
You are too confused!
It was a potion of lignification.
You turn into a tree.
Your +0 cloak melds into your body.
Your +0 pair of gloves melds into your body.
Your +0 chain mail of cold resistance melds into your body.
You feel less resistant to cold.
Your roots penetrate the ground.
You hear some strange, mumbled words.
Something tries to affect you, but you resist.
Something hits you.
* * * LOW HITPOINT WARNING * * *
You are electrocuted!
You die...
Beogh appreciates something's killing of a heretic priest.

##.... .. #
###....###.#
#.#......#...
#.#.#......
###.#.##.#.#.#.#.
###.......<........
........)[.....###.
##.###.##.#.###
#..♣{.##....#
#..#####.....# #..
#....... #..
#.....### #..
##...## #.$ #.##
#.. #..


There were no monsters in sight!

Vanquished Creatures
  An ice beast (D:5)
  An orc warrior (D:5)
  A phantom (D:5)
  2 ogres
  A bullfrog skeleton (D:4)
  4 orc priests
  4 hounds (D:5)
  A jelly (D:5)
  4 orc wizards
  2 worker ants
  3 gnolls (D:3)
  7 adders
  An ooze (D:2)
  2 worms (D:3)
  4 dart slugs
  3 leopard geckos
  18 orcs
  3 ball pythons
  7 giant cockroaches
  8 goblins
  8 hobgoblins
  12 jackals
  3 kobolds
  5 quokkas
  9 bats
  3 frilled lizards
  8 rats
125 creatures vanquished.

Vanquished Creatures (others)
  A giant cockroach (D:3)
  A frilled lizard (D:3)
  4 withered plants (D:5)
6 creatures vanquished.

Grand Total: 131 creatures vanquished

Notes
Turn   | Place    | Note
-------+----------+-------------------------------------------
     0 | D:1      | ubername the Hill Orc Monk began the quest for the Orb.
     0 | D:1      | Reached XP level 1. HP: 19/19 MP: 1/1
   437 | D:1      | Reached XP level 2. HP: 24/27 MP: 2/2
   794 | D:1      | Reached XP level 3. HP: 29/33 MP: 3/3
  1418 | D:2      | Found a radiant altar of Vehumet.
  1835 | D:2      | Reached skill level 5 in Axes
  2274 | D:3      | Reached skill level 1 in Armour
  2280 | D:3      | Reached XP level 4. HP: 40/40 MP: 4/4
  2355 | D:3      | Became a worshipper of Beogh the Brigand
  2355 | D:3      | Reached * piety under Beogh
  2355 | D:3      | Reached ** piety under Beogh
  2468 | D:3      | Reached XP level 5. HP: 46/46 MP: 5/5
  2760 | D:3      | Reached skill level 6 in Axes
  3003 | D:3      | Reached XP level 6. HP: 42/53 MP: 6/6
  3009 | D:3      | Reached skill level 7 in Axes
  3360 | D:3      | Found an opulent altar of Gozag.
  4274 | D:4      | Found a broken altar of Ashenzari.
  4330 | D:4      | Reached XP level 7. HP: 60/60 MP: 7/7
  4429 | D:4      | Found a glowing silver altar of Zin.
  4437 | D:5      | Entered Level 5 of the Dungeon
  4783 | D:5      | Found a sacrificial altar of Ru.
  4981 | D:5      | Reached skill level 8 in Axes
  5073 | D:5      | Found an iron altar of Okawaru.
  5099 | D:5      | Reached skill level 1 in Invocations
  5102 | D:5      | Reached skill level 5 in Fighting
  5112 | D:5      | Reached *** piety under Beogh
  5817 | D:5      | Found a runed translucent gate.
  5818 | D:5      | Found a runed translucent gate.
  5819 | D:5      | Found a runed translucent gate.
  5820 | D:5      | Noticed Zeld's ghost (amateur OpMo)
  5820 | D:5      | Noticed Zeld's ghost (novice OpWr)
  5820 | D:5      | Noticed KrombopulosMichael's ghost (weakling SpDe)
  6134 | D:6      | Reached XP level 8. HP: 36/68 MP: 5/9
  6165 | D:5      | Reached skill level 9 in Axes
  6551 | D:6      | HP: 1/69 [something/magic dart (3)]
  6553 | D:6      | Mangled by an orc wizard

Illustrated notes

Levels and vault maps discovered:
D:1:      lemuel_arrival_tunnels, layout_loops_cross, grunt_decor_junction,
          nrook_uturn
D:2:      minmay_door_path, layout_basic, fiery_altar_vehumet,
          hangedman_decor_peaks_small
D:3:      layout_loops_ring, nicolae_overflow_hidden_temple, skrybe_limestone_x
D:4:      layout_rooms, kennysheep_mini_moat, overflow_temple_1_default
D:5:      layout_loops_ring, nicolae_ru_great_annihilating_truth,
          gammafunk_ghost_cemetery, okawaru_gym_becter
D:6:      layout_loops_ring, old_standard_altar,
          minmay_temple_entry_glassed_door, serial_shops, shop

Skill      XL: |  1  2  3  4  5  6  7  8 |
---------------+-------------------------+-----
Fighting       | 4 5 |  5.5
Axes           | 5 6 7 8 9 |  9.1
Armour         | 1 2 4 |  4.6
Dodging        | 3 |  3.9
Stealth        | 2 |  2.3
Invocations    | 1 |  1.8

Action                   |  1- 3 |  4- 6 |  7- 9 || total
-------------------------+-------+-------+-------++-------
Melee: Hand axe          |   150 |   202 |   221 ||   573
Invok: Convert to Beogh  |       |     1 |       ||     1
       Smiting           |       |     1 |     4 ||     5
Evoke: Wand              |       |       |     1 ||     1
  Use: Scroll            |     1 |     2 |       ||     3
       Potion            |       |       |     1 ||     1
 Stab: Sleeping          |     1 |       |     1 ||     2
       Paralysed         |       |       |     3 ||     3
       Invisible         |       |       |     1 ||     1
Armor: Robe              |    14 |       |       ||    14
       Ring mail         |    47 |    61 |    60 ||   168
       Chain mail        |       |       |    12 ||    12
Dodge: Dodged            |   119 |   123 |   107 ||   349
